 Dungeon Crawl Stone Soup version 0.26.1-11-gd32895ea62 (webtiles) character file.

Game seed: 332253599065665931

186 McKennaii the Ruffian (level 5, -6/41 HPs)
             Began as a Draconian Transmuter on June 2, 2021.
             Mangled by an iguana (8 damage)
             ... on level 4 of the Dungeon.
             The game lasted 00:05:43 (4204 turns).

McKennaii the Ruffian (Draconian Transmuter)        Turns: 4204, Time: 00:05:43

Health: -6/41      AC:  6    Str: 19    XL:     5   Next: 38%
Magic:  8/8        EV: 13    Int: 14    God:
Gold:   158        SH:  0    Dex: 11    Spells: 7/8 levels left

rFire    . . .     SeeInvis .     - Unarmed
rCold    . . .     Faith    .   (no shield)
rNeg     . . .     Spirit   .   (armour unavailable)
rPois    .         Reflect  .   (helmet restricted)
rElec    .         Harm     .   b - +0 cloak
rCorr    .         Rampage  .   (no gloves)
Will     .....                  (no boots)
Stlth    +.........             (no amulet)
HPRegen  0.13/turn              (no ring)
MPRegen  0.11/turn              e - +6 ring of strength

@: brilliant, hasted, very quick
A: unfitting armour, cold-blooded, AC +5
a: no special abilities


You were on level 4 of the Dungeon.
You visited 1 branch of the dungeon, and saw 4 of its levels.

You collected 158 gold pieces.

Inventory:

Armour
 b - a +0 cloak (worn)
Jewellery
 e - a +6 ring of strength (right hand)
Scrolls
 a - 2 scrolls of teleportation
 d - 2 scrolls of magic mapping
 f - 2 scrolls of remove curse
 g - 3 scrolls of identify
 h - 2 scrolls of random uselessness {unknown}
 j - a scroll of fear {unknown}
 k - a scroll of amnesia {unknown}
 l - 2 scrolls of blinking {unknown}
 m - a scroll of enchant weapon {unknown}


   Skills:
 + Level 1.7 Fighting
 + Level 2.8 Dodging
 + Level 0.6 Stealth
 + Level 4.7 Unarmed Combat
 + Level 2.3 Spellcasting
 * Level 2.6 Transmutations


You had 7 spell levels left.
You knew the following spells:

 Your Spells              Type           Power        Failure   Level
a - Beastly Appendage     Tmut           26%          8%          1

Your spell library contained the following spells:

 Spells                   Type           Power        Failure   Level
 Wereblood                Tmut           13%          12%         2
 Spider Form              Tmut/Pois      4%           38%         3
 Confusing Touch          Hex            2%           56%         3
 Gell's Gravitas          Tloc           1%           56%         3
 Ice Form                 Ice/Tmut       8%           80%         4
 Petrify                  Tmut/Erth      8%           80%         4
 Blade Hands              Tmut           6%           91%         5
 Yara's Violent Unravell  Hex/Tmut       4%           98%         5
 Metabolic Englaciation   Hex/Ice        1%           99%         5


Dungeon Overview and Level Annotations

Branches:
Dungeon (4/15)
 Temple: D:4-7

Altars:
Okawaru


Innate Abilities, Weirdness & Mutations

Your plain brown scales are hard. (AC +5)
You cannot fit into any form of body armour.
You are cold-blooded and may be slowed by cold attacks.


Message History

The iguana completely misses you.
You hit the iguana but do no damage.
You tail-slap the iguana, but do no damage.
You barely miss the iguana. The iguana bites you!
You closely miss the iguana. The iguana bites you!
Your magical contamination has completely faded away.
You barely miss the iguana. The iguana bites you!
You closely miss the iguana.
Your tail-slap misses the iguana.
The iguana barely misses you.
You hit the iguana but do no damage.
Your tail-slap misses the iguana.
The iguana closely misses you.
You hit the iguana but do no damage. The iguana bites you!
* * * LOW HITPOINT WARNING * * *
It was a potion of brilliance.
You feel clever all of a sudden.
The iguana bites you but does no damage.
It was a potion of haste.
You feel yourself speed up. The iguana completely misses you.
The iguana bites you!
You die...

##### #.#.##
##....# #....##
###..@## .
##....l## ..#
##.......#...S.
#..............
#...............
###.............
##.....#......
..............
...............


You could see an iguana.

Vanquished Creatures
  A lemure (D:3)
  A gnoll (D:3)
  7 adders
  3 oozes
  2 worms
  2 dart slugs (D:1)
  2 leopard geckos (D:2)
  2 orcs
  2 ball pythons
  11 bats
  4 giant cockroaches
  11 goblins
  13 hobgoblins
  A jackal (D:3)
  3 quokkas
  10 frilled lizards
  4 kobolds (D:2)
  7 rats
86 creatures vanquished.

Notes
Turn   | Place    | Note
-------+----------+-------------------------------------------
     0 | D:1      | McKennaii the Draconian Transmuter began the quest for the
                  | Orb.
     0 | D:1      | Reached XP level 1. HP: 16/16 MP: 3/3
   443 | D:1      | Reached XP level 2. HP: 20/23 MP: 5/5
  1102 | D:2      | Reached XP level 3. HP: 19/28 MP: 6/6
  1489 | D:2      | Reached skill level 4 in Unarmed Combat
  1735 | D:2      | Found an iron altar of Okawaru.
  1860 | D:2      | Reached XP level 4. HP: 35/35 MP: 7/7
  3006 | D:3      | Reached XP level 5. HP: 24/40 MP: 8/8
  4000 | D:4      | Noticed a lemure
  4000 | D:4      | Noticed a lemure
  4000 | D:4      | Noticed a lemure
  4000 | D:4      | Noticed a lemure
  4019 | D:3      | Killed a lemure
  4201 | D:4      | HP: 2/41 [iguana (14)]
  4204 | D:4      | Mangled by an iguana

Illustrated notes

Levels and vault maps discovered:
D:1:      nicolae_arrival_somewhat_less_tricky_arrival, layout_basic,
          hex_medium, minmay_box_of_dots
D:2:      layout_basic, okawaru_trees_1
D:3:      minmay_thinvault, layout_basic, chequers_serial_rivers_small_b
D:4:      minmay_octagon_keep, layout_cave_pools, uniq_pikel, uniq_menkaure,
          uniq_duvessa

Skill      XL: |  1  2  3 |
---------------+----------+-----
Dodging        | 2 |  2.8
Unarmed Combat | 4 |  4.7
Fighting       | |  1.7
Stealth        | |  0.6
Spellcasting   | |  2.3
Transmutations | |  2.6

Action                   |  1- 3 |  4- 6 || total
-------------------------+-------+-------++-------
Melee: Unarmed           |   130 |   163 ||   293
       Tailslap          |    22 |    11 ||    33
       Punch             |     1 |     4 ||     5
       Kick              |       |     3 ||     3
       Headbutt          |       |     1 ||     1
 Cast: Beastly Appendage |     1 |     4 ||     5
  Use: Scroll            |     3 |     1 ||     4
       Potion            |       |     4 ||     4
 Stab: Sleeping          |     1 |     2 ||     3
Armor: Skin              |    40 |    81 ||   121
Dodge: Dodged            |    82 |    99 ||   181
